 Dungeon Crawl Stone Soup version 0.18.1-47-g9310371 (webtiles) character file.

171984 rftp080 the Blocker (level 17, -6/120 HPs)
             Began as a Mummy Wizard on June 21, 2016.
             Was the Champion of Ashenzari.
             Mangled by a minotaur
             ... wielding a +5 rod of inaccuracy (1/11)
              (23 damage)
             ... in a labyrinth.
             The game lasted 02:46:01 (48470 turns).

rftp080 the Blocker (Mummy Wizard)                 Turns: 48470, Time: 02:46:02

Health: -6/120     AC: 14    Str: 11    XL:     17   Next: 15%
Magic:  0/34       EV: 16    Int: 24    God:    Ashenzari [******]
Gold:   381        SH: 12    Dex: 10    Spells: 6 memorised, 10 levels left

rFire  . . .     SeeInvis +     f - +4 whip (elec) (curse)
rCold  + . .     Gourm    .     B - +0 troll leather armour (curse)
rNeg   + + +     Faith    .     y - +0 shield (curse)
rPois  ∞         Spirit   +     Y - +0 hat {MR+} (curse)
rElec  .         Dismiss  .     j - +2 cloak (curse)
rCorr  .         Reflect  .     v - +2 pair of gloves (curse)
SustAt .         Harm     .     q - +2 pair of boots (curse)
MR     +++..     Clarity  +     R - amulet of guardian spirit
Stlth  ++++......               W - ring of protection from fire (curse)
                                H - ring of magical power (curse)

@: about to teleport, extremely resistant to hostile enchantments, stealthy
A: no food or potions, fire vulnerability, cold resistance 1, negative energy
resistance 3, torment resistance, unbreathing, in touch with death 1, restore
body
a: Self-Restoration, Curse Item, Scrying, Transfer Knowledge, Renounce Religion
}: 1/15 runes: decaying


You were in a labyrinth.
You worshipped Ashenzari.
Ashenzari was exalted by your worship.
You were not hungry.

You visited 5 branches of the dungeon, and saw 33 of its levels.
You also visited: Labyrinth, Sewer and Bailey.

You collected 3944 gold pieces.
You spent 3563 gold pieces at shops.

Inventory:

Hand Weapons
 f - a cursed +4 whip of electrocution (weapon)
 n - a +2 whip of pain
 K - a +0 demon trident of draining
Armour
 j - a cursed +2 cloak (worn)
 q - a cursed +2 pair of boots (worn)
 v - a cursed +2 pair of gloves (worn)
 y - a cursed +0 shield (worn)
 B - a cursed +0 troll leather armour (worn)
 Y - a cursed +0 hat of magic resistance (worn)
 Z - the cursed +2 pair of boots of Elyvilon's Whim {MR+}
   (You bought it in a shop on level 2 of the Orcish Mines)

   It affects your resistance to hostile enchantments.
   It has a curse placed upon it.
Magical Staves
 l - an uncursed staff of fire
Jewellery
 d - an uncursed amulet of magic regeneration
 r - an uncursed ring of wizardry
 G - an uncursed ring of wizardry
 H - a cursed ring of magical power (left hand)
 I - an uncursed ring of flight
 P - an uncursed ring of protection from magic
 Q - a cursed ring of teleportation
 R - an amulet of guardian spirit (around neck)
 W - a cursed ring of protection from fire (right hand)
Wands
 b - a wand of flame (1/48)
 g - a wand of iceblast (7/15)
 D - a wand of acid (2/15)
 N - a wand of digging (1/24)
 U - a wand of iceblast (8/15)
 X - a wand of enslavement (16/24)
Scrolls
 c - a scroll of blinking
 e - 3 scrolls of teleportation
 h - 2 scrolls of magic mapping
 k - 7 scrolls of fear
 m - 6 scrolls of fog
 o - a scroll of remove curse
 u - 8 scrolls of recharging
 z - 4 scrolls of silence
 E - 21 scrolls of identify
 L - a scroll of torment
 O - 4 scrolls of amnesia
 V - 3 scrolls of enchant weapon
Books
 i - an Akashic Record

   Spells                             Type                      Level
   a - Dispersal                      Translocation                6
   b - Malign Gateway                 Summoning/Translocation      7
   c - Disjunction                    Translocation                8
   d - Controlled Blink               Translocation                8
Miscellaneous
 a - a phantom mirror
 s - a stone of tremors
 x - a phial of floods
 T - a sack of spiders


   Skills:
 - Level 7.2 Fighting
   Level 8.6 Long Blades
 - Level 11.5(15.7) Maces & Flails
 - Level 6.3 Armour
 - Level 6.7(11.2) Dodging
 - Level 6.7(11.2) Stealth
 - Level 12.5(15.2) Shields
 - Level 5.6 Spellcasting
 - Level 6.3(9.4) Conjurations
 - Level 12.0(14.6) Summonings
 + Level 2.6(5.1) Translocations
 - Level 1.0(2.7) Air Magic
 - Level 1.0(2.7) Poison Magic


You had 10 spell levels left.
You knew the following spells:

 Your Spells              Type           Power        Failure   Level  Hunger
a - Magic Dart            Conj           ####         1%          1    N/A
b - Blink                 Tloc           N/A          1%          2    N/A
c - Mephitic Cloud        Conj/Pois/Air  ####....     6%          3    N/A
d - Conjure Flame         Conj/Fire      ####....     6%          3    N/A
e - Repel Missiles        Chrm/Air       ##....       12%         2    N/A
f - Shadow Creatures      Summ           N/A          4%          6    N/A

Dungeon Overview and Level Annotations

Branches:
Dungeon (15/15)            Temple (0/1) D:4            Lair (8/8) D:11
  Swamp (4/4) Lair:4        Snake (4/4) Lair:4        Slime (0/6) Lair:8
    Orc (2/2) D:11            Elf (0/3) Orc:2        Vaults (0/5) D:14
 Depths (0/5) D:15

Altars:
Ashenzari
Dithmenos
Elyvilon
Fedhas
Pakellas
Qazlal
Ru
Trog
Vehumet
Beogh

Shops:
D:5 *   D:14 :   Orc:2 ([((

Annotations:
Lair:3 1 exclusion


Innate Abilities, Weirdness & Mutations

You do not eat or drink.
Your flesh is vulnerable to fire.
You are immune to poison.
Your flesh is cold resistant.
You are immune to negative energy.
You are immune to unholy pain and torment.
You can survive without breathing.
You are in touch with the powers of death.
You can restore your body by infusing magical energy.


Message History

Zapping:
D - a wand of acid (will waste charges)
Press: ? - help, Shift-Dir - straight line, f/p - minotaur
Aim: a minotaur, wielding a rod of inaccuracy, wearing a scorched chain mail, wearing the macabre finger necklace {rN+} and carrying a hand crossbow of flaming (heavily wounded)
The bolt of acid hits the minotaur.
The minotaur appears unharmed.
The minotaur is heavily wounded.
Evoking this partially-identified wand wasted a few charges.
You block the minotaur's attack. The minotaur gores you.
The minotaur hits you with a rod of inaccuracy!!
* * * LOW HITPOINT WARNING * * *
The minotaur gores you but does no damage.
Read which item? (? for menu, Esc to quit)
As you read the scroll of teleportation, it crumbles to dust.
You feel strangely unstable. You block the minotaur's attack.
The minotaur gores you!
* * * LOW HITPOINT WARNING * * *
The minotaur hits you with a rod of inaccuracy!
* * * LOW HITPOINT WARNING * * *
The minotaur closely misses you.
The minotaur hits you with a rod of inaccuracy!!
You die...

,*, , ,, ,*. . #,#..
. #, , ,, # ** #.*,*
* * * , , * # , , *.
** * ,#.. * * *,*,#
### #*#, * ,,, ...*
,*. ... ,, * * ,* #
########*## # , .
#.#...,.. ..# , * *
#.###.#...###.### #
** ,,, *
........H@......#.#
,, ,
**.#.###'###..####.#
* *,, ,#.....#.....
.. ** * * *
###.###.###.# # ,**
* ,*≈.. #,. ,,#.# *
, *, ,* ≈<≈ ## , , *
*, ≈≈≈≈≈*... * ,, ,
,*, ######. * ,* *
*, , ,, ,,,.# , ,, ,


You could see a minotaur.

Vanquished Creatures
  Gastronok (Lair:3)
  2 thorn hunters
  Maud (Lair:3)
  The ghost of Krapule the Blocker, an adept HaFi of the Shining One (Orc:2)
  2 orc warlords (D:11)
  A stone giant (D:11)
  Nessos (D:12)
  2 dire elephants (Lair:7)
  Josephine (Lair:7)
  The ghost of Typee the Covert, a journeyman OpCj of Vehumet (Lair:6)
  Fannar (D:12)
  5 naga warriors
  7 hydras
  A centaur warrior (D:14)
  Erica (D:10)
  2 dancing weapons (D:14)
  2 alligators (Swamp:3)
  A tengu warrior (D:14)
  9 death yaks
  An orc high priest (Orc:2)
  Urug (Lair:4)
  A shock serpent (Snake:2)
  3 naga sharpshooters
  The ghost of sveltemanboy the Basher, a novice OgHu of Okawaru (D:8)
  2 spriggan druids (Swamp:3)
  5 unseen horrors
  3 swamp dragons
  17 hill giants
  9 orc knights
  3 shambling mangroves
  4 ugly things (D:14)
  A deep elf mage (D:14)
  A mana viper (Snake:3)
  6 orc sorcerers
  2 hornets (Swamp:2)
  4 cyclopes (D:11)
  2 manticores (D:12)
  5 elephants
  A guardian serpent (Snake:1)
  15 black mambas
  3 naga magi
  2 centaur zombies (D:14)
  2 gargoyles
  3 rime drakes
  5 komodo dragons
  20 spiny frogs
  A kobold demonologist (D:11)
  A freezing wraith (D:14)
  2 polar bears
  2 tengu conjurers (D:14)
  7 trolls
  A minotaur skeleton (Lab)
  3 two-headed ogres
  20 blink frogs
  4 giant leeches
  6 bog bodies
  6 slime creatures
  Sigmund (D:6)
  3 wraiths
  2 hill giant zombies (D:11)
  5 basilisks
  6 shadows
  6 spriggans
  2 vampires
  44 yaks
  2 wyverns
  A steam dragon (Lair:4)
  11 hippogriffs
  6 hungry ghosts
  12 vampire mosquitoes
  Edmund (D:6)
  10 wargs
  2 mottled dragons
  13 nagas
  21 swamp worms
  4 insubstantial wisps (Swamp:2)
  2 hell hounds
  A soldier ant (D:12)
  10 porcupines
  18 water moccasins
  48 orc warriors
  5 sky beasts
  5 swamp drakes
  2 ice beasts
  8 wasps
  8 black bears
  4 phantoms
  18 ogres
  31 wolves
  10 crocodiles
  19 centaurs
  2 big kobolds
  Blork the orc (D:6)
  34 giant frogs
  A wyvern zombie (D:14)
  A cyclops zombie (D:11)
  2 water moccasin skeletons
  9 scorpions
  6 killer bees (D:11)
  4 howler monkeys
  13 wights
  5 electric eels
  5 crimson imps
  4 lava snakes (Lab)
  2 quasits
  37 orc wizards
  32 orc priests
  8 hounds
  5 jellies
  4 iguanas
  2 centaur skeletons
  6 worker ants
  18 sheep
  A hound skeleton (D:5)
  A worker ant zombie (D:6)
  12 gnolls
  13 adders
  52 river rats
  3 shadow imps
  An adder skeleton (D:4)
  An adder zombie (D:6)
  6 worms
  3 dart slugs
  4 giant geckos
  125 orcs
  5 giant cockroaches
  9 hobgoblins
  13 jackals
  5 quokkas
  5 ball pythons (Sewer)
  13 bats
  2 giant gecko zombies
  10 giant newts
  9 goblins
  A jackal zombie (D:5)
  31 kobolds
  4 rats
  A butterfly (Lair:4)
  2 fungi (Lair:6)
1091 creatures vanquished.

Vanquished Creatures (collateral kills)
  2 thorn hunters
  An orc warlord (Orc:2)
  2 ghost crabs
  12 hydras
  6 naga warriors
  2 anacondas (Snake:3)
  5 alligators
  3 shock serpents
  4 naga sharpshooters
  A salamander mystic (Snake:2)
  2 spriggan druids (Swamp:4)
  6 swamp dragons (Swamp:4)
  An orc knight (Orc:1)
  3 shambling mangroves
  A mana viper (Snake:1)
  2 naga ritualists (Snake:2)
  3 ugly things
  2 hornets (Swamp:2)
  6 slime creatures
  6 salamanders
  5 black mambas
  4 naga magi
  5 spiny frogs
  4 giant leeches
  A blink frog (Lair:8)
  6 bog bodies
  A shadow (Swamp:4)
  10 spriggans
  A wraith (Lair:8)
  5 yaks
  4 vampire mosquitoes
  A hippogriff (Lair:8)
  6 insubstantial wisps (Swamp:4)
  8 swamp worms
  17 nagas
  A water moccasin (Lair:8)
  3 swamp drakes (Swamp:4)
  10 orc warriors
  18 wasps
  A necrophage (D:14)
  2 ogres (Orc:2)
  7 giant frogs (Lair:8)
  An electric eel (Lair:8)
  9 orcs
200 creatures vanquished.

Vanquished Creatures (others)
  A tengu conjurer (D:14)
  3 insubstantial wisps (Swamp:4)
  4 briar patches
  10 fungi
  25 plants
  14 toadstools (Lair:7)
57 creatures vanquished.

Grand Total: 1348 creatures vanquished

Notes
Turn   | Place    | Note
--------------------------------------------------------------
     0 | D:1      | rftp080 the Mummy Wizard began the quest for the Orb.
     0 | D:1      | Reached XP level 1. HP: 13/13 MP: 4/4
    48 | D:1      | Reached skill level 1 in Conjurations
   462 | D:1      | Reached XP level 2. HP: 19/19 MP: 4/6
   491 | D:1      | Learned a level 2 spell: Blink
  1137 | D:1      | Reached skill level 1 in Maces & Flails
  1521 | D:2      | Found a shattered altar of Ashenzari.
  1574 | D:2      | Reached XP level 3. HP: 20/24 MP: 1/7
  2685 | D:2      | Learned a level 3 spell: Mephitic Cloud
  2753 | D:3      | Reached XP level 4. HP: 30/30 MP: 4/8
  2949 | D:3      | Reached XP level 5. HP: 24/35 MP: 9/9
  3033 | D:2      | Became a worshipper of Ashenzari the Shackled
  3859 | D:4      | Found a radiant altar of Vehumet.
  3872 | D:4      | Found a glowing drain.
  3882 | D:4      | Reached XP level 6. HP: 41/41 MP: 10/10
  3905 | Sewer    | Entered a sewer
  4688 | D:4      | Found a staircase to the Ecumenical Temple.
  5065 | D:4      | Found a white marble altar of Elyvilon.
  5077 | D:4      | Found a shadowy altar of Dithmenos.
  5155 | D:5      | Entered Level 5 of the Dungeon
  5160 | D:5      | Noticed a sky beast
  5216 | D:5      | Killed a sky beast
  5391 | D:5      | Reached XP level 7. HP: 46/46 MP: 5/11
  5622 | D:5      | Reached skill level 5 in Conjurations
  5690 | D:5      | Reached skill level 5 in Maces & Flails
  5996 | D:5      | Found Usifick's Serpentskin Sales.
  6003 | D:5      | Learned a level 3 spell: Conjure Flame
  6006 | D:5      | Learned a level 2 spell: Repel Missiles
  6038 | D:5      | Reached XP level 8. HP: 51/52 MP: 0/12
  6186 | D:5      | Reached * piety under Ashenzari
  6537 | D:6      | Noticed Edmund
  6869 | D:6      | Killed Edmund
  7041 | D:6      | Noticed Sigmund
  7086 | D:6      | Reached skill level 1 in Air Magic
  7086 | D:6      | Reached skill level 1 in Poison Magic
  7139 | D:6      | Killed Sigmund
  7204 | D:6      | Noticed a troll
  7462 | D:6      | Noticed Blork the orc
  7468 | D:6      | Reached XP level 9. HP: 51/57 MP: 1/13
  7609 | D:6      | Killed Blork the orc
  7831 | D:6      | Killed a troll
  7976 | D:7      | Noticed a hill giant
  8341 | D:7      | Found an oddly glowing altar of Pakellas.
  8342 | D:7      | Found a sacrificial altar of Ru.
  8712 | D:7      | Killed a hill giant
  9251 | D:8      | Reached skill level 10 in Maces & Flails
  9343 | D:8      | Found a bloodstained altar of Trog.
  9414 | D:8      | Reached ** piety under Ashenzari
  9443 | D:8      | Noticed sveltemanboy's ghost (novice OgHu)
  9458 | D:8      | Killed sveltemanboy's ghost
  9458 | D:8      | Reached XP level 10. HP: 63/63 MP: 11/14
 10062 | D:9      | Noticed a gargoyle
 11660 | D:9      | Found a blossoming altar of Fedhas.
 12265 | D:9      | Reached skill level 1 in Shields
 12525 | D:10     | Entered Level 10 of the Dungeon
 12751 | D:10     | Noticed Erica
 12781 | D:10     | Killed Erica
 12836 | D:10     | Reached *** piety under Ashenzari
 13121 | D:10     | Reached XP level 11. HP: 69/69 MP: 7/15
 13219 | D:11     | Noticed an unseen horror
 13234 | D:11     | Killed an unseen horror
 13234 | D:11     | Reached skill level 1 in Fighting
 13234 | D:11     | Reached skill level 1 in Armour
 13248 | D:11     | Noticed an unseen horror
 13249 | D:11     | Noticed an unseen horror
 13249 | D:11     | Noticed an unseen horror
 13360 | D:11     | Killed an unseen horror
 13429 | D:11     | Killed an unseen horror
 13536 | D:11     | Killed an unseen horror
 13694 | D:11     | Found a staircase to the Lair.
 13869 | D:11     | Noticed a hill giant
 13993 | D:11     | Killed a hill giant
 14229 | D:11     | Noticed a hill giant
 14249 | D:11     | Noticed a hill giant
 14261 | D:11     | Killed a hill giant
 14361 | D:11     | Noticed a hill giant
 14840 | D:11     | Noticed a hill giant
 14861 | D:11     | Killed a hill giant
 14865 | D:11     | Reached skill level 5 in Fighting
 14942 | D:11     | Noticed a hill giant
 15052 | D:11     | Noticed a hill giant
 15072 | D:11     | Killed a hill giant
 15318 | D:11     | Killed a hill giant
 15318 | D:11     | Reached skill level 5 in Dodging
 15326 | D:11     | Killed a hill giant
 15326 | D:11     | Reached XP level 12. HP: 50/87 MP: 9/16
 15571 | D:11     | Reached skill level 5 in Armour
 15761 | D:11     | Noticed a stone giant
 16477 | D:11     | Noticed an orc warlord
 16810 | Lair:1   | Entered Level 1 of the Lair of Beasts
 16861 | Lair:1   | Learned a level 6 spell: Shadow Creatures
 17030 | Lair:1   | Reached **** piety under Ashenzari
 17043 | Lair:1   | Reached skill level 1 in Summonings
 17785 | Lair:2   | Reached skill level 5 in Stealth
 18647 | Lair:3   | Gained mutation: You are in touch with the powers of death. [Mummy growth]
 18647 | Lair:3   | Gained mutation: You can restore your body by infusing magical energy. [Mummy growth]
 18647 | Lair:3   | Reached XP level 13. HP: 87/96 MP: 17/17
 18657 | Lair:3   | Noticed Maud
 18658 | Lair:3   | Noticed Gastronok
 18979 | Lair:3   | Reached ***** piety under Ashenzari
 19210 | Lair:3   | Killed Gastronok
 19452 | Lair:3   | Noticed a fire dragon
 19762 | Lair:4   | Found a staircase to the Snake Pit.
 19866 | Lair:4   | Reached skill level 5 in Summonings
 19894 | Lair:4   | Found a radiant altar of Vehumet.
 19942 | Lair:4   | Noticed Urug
 19960 | Lair:4   | Killed Urug
 20340 | Lair:4   | Found a staircase to the Swamp.
 21619 | Lair:6   | Noticed Typee's ghost (journeyman OpCj)
 21865 | Lair:6   | Found a blossoming altar of Fedhas.
 21964 | Lair:6   | Identified the cursed +1 dire flail "Xeblax" {drain, *Contam rF- Str+10 Dex+4}
 22108 | Lair:6   | Killed Typee's ghost
 23002 | Lair:6   | Reached skill level 5 in Spellcasting
 23274 | Lair:7   | Reached XP level 14. HP: 95/103 MP: 21/21
 25034 | Lair:8   | Entered Level 8 of the Lair of Beasts
 25034 | Lair:8   | Found a staircase to the Slime Pits.
 25038 | Lair:8   | Noticed Josephine
 25064 | Lair:7   | Killed Josephine
 25208 | Lair:7   | Reached skill level 10 in Summonings
 25491 | Lair:8   | Reached ****** piety under Ashenzari
 27125 | Lair:3   | Killed Maud
 27266 | D:11     | Killed an orc warlord
 27316 | D:11     | Found a staircase to the Orcish Mines.
 27433 | D:11     | Identified the +8 hunting sling of Defenestration {freeze, Int+8}
 27446 | D:11     | Killed a stone giant
 27580 | D:11     | Reached skill level 5 in Shields
 27640 | D:12     | Found a flagged portal.
 27655 | Bailey   | Entered a bailey
 28720 | D:12     | Noticed Nessos
 28722 | D:12     | Noticed Fannar
 28766 | D:12     | Killed Fannar
 28766 | D:12     | Reached XP level 15. HP: 80/108 MP: 17/23
 28777 | D:12     | Killed Nessos
 28926 | Orc:1    | Entered Level 1 of the Orcish Mines
 28930 | Orc:1    | Noticed an orc warlord
 29086 | D:11     | Killed an orc warlord
 29452 | Orc:2    | Entered Level 2 of the Orcish Mines
 29466 | Orc:2    | Found a staircase to the Elven Halls.
 29605 | Orc:2    | Found a runed door.
 29696 | Orc:2    | Found a roughly hewn altar of Beogh.
 29736 | Orc:2    | Found a roughly hewn altar of Beogh.
 29817 | Orc:2    | Found a roughly hewn altar of Beogh.
 29819 | Orc:2    | Found Rohoz's Antique Weapon Emporium.
 29906 | Orc:2    | Found a roughly hewn altar of Beogh.
 29907 | Orc:2    | Found Pocwathy's Weapon Shop.
 30015 | Orc:2    | Noticed Krapule's ghost (adept HaFi)
 30590 | Orc:2    | Killed Krapule's ghost
 30759 | Orc:2    | Found a roughly hewn altar of Beogh.
 30783 | Orc:2    | Found a roughly hewn altar of Beogh.
 30868 | Orc:2    | Found a roughly hewn altar of Beogh.
 31347 | Orc:2    | Noticed an orc warlord
 31390 | Orc:2    | Killed an orc warlord
 31517 | Orc:2    | Found Xuzutup's Antique Armour Boutique.
 31517 | Orc:2    | Found a roughly hewn altar of Beogh.
 31529 | Orc:2    | Found Dymotoit's Antique Weapon Shop.
 31861 | Orc:2    | Found a roughly hewn altar of Beogh.
 32619 | Orc:1    | Found a roughly hewn altar of Beogh.
 33014 | Orc:2    | Bought the +8 demon blade "Leech" {vamp, rN+ AC-2 EV-2 Str-2 Int-2 Dex-2} for 2975 gold pieces
 33245 | Snake:1  | Entered Level 1 of the Snake Pit
 33599 | Snake:1  | Reached skill level 10 in Shields
 36432 | Snake:3  | Reached XP level 16. HP: 110/115 MP: 24/24
 37056 | Snake:4  | Entered Level 4 of the Snake Pit
 37610 | Swamp:1  | Entered Level 1 of the Swamp
 39901 | Swamp:2  | Noticed a thorn hunter
 39912 | Swamp:2  | Killed a thorn hunter
 40557 | Swamp:3  | Noticed a thorn hunter
 40840 | Swamp:3  | Killed a thorn hunter
 40840 | Swamp:3  | Reached skill level 1 in Long Blades
 41129 | Swamp:4  | Entered Level 4 of the Swamp
 41986 | Swamp:4  | Noticed a thorn hunter
 42092 | Swamp:4  | Noticed a thorn hunter
 42231 | Swamp:3  | Killed a thorn hunter
 42286 | Swamp:4  | Killed a thorn hunter
 42618 | Swamp:4  | Reached skill level 5 in Long Blades
 43899 | Swamp:4  | Got a decaying rune of Zot
 44790 | Swamp:1  | You fall through a shaft!
 45476 | Orc:2    | Bought a pair of smoking boots for 266 gold pieces
 45476 | Orc:2    | Identified the +2 pair of boots of Elyvilon's Whim {MR+} (You bought it in a shop on level 2 of the Orcish Mines)
 45476 | Orc:2    | Bought a jewelled leather armour for 196 gold pieces
 45476 | Orc:2    | Identified the +2 leather armour of the Evening Star {Int+4} (You bought it in a shop on level 2 of the Orcish Mines)
 45476 | Orc:2    | Bought a pair of glowing gloves for 126 gold pieces
 45702 | D:13     | Found a stormy altar of Qazlal.
 45946 | D:13     | HP: 2/115 [hill giant/giant spiked club (32)]
 46333 | D:13     | Found an oddly glowing altar of Pakellas.
 46554 | D:14     | Found a shadowy altar of Dithmenos.
 46774 | D:14     | Found Baetet's Book Emporium.
 46793 | D:14     | Reached XP level 17. HP: 109/120 MP: 25/25
 46882 | D:14     | Found a gate to the Vaults.
 47524 | D:14     | Reached skill level 1 in Translocations
 47901 | D:15     | Entered Level 15 of the Dungeon
 47901 | D:15     | Found a labyrinth entrance.
 47907 | Lab      | Entered a labyrinth
 48470 | Lab      | Identified a +5 rod of inaccuracy (1/11)
 48470 | Lab      | Mangled by a minotaur

Skill      XL: |  1  2  3  4  5  6  7  8  9 10 11 12 13 14 15 16 17 |
---------------+----------------------------------------------------+-----
Conjurations   | 1 2 3 4 5 6 |  6.3
Maces & Flails | 1 2 3 4 5 7 10 11 | 11.5
Air Magic      | 1 |  1.0
Poison Magic   | 1 |  1.0
Shields        | 4 6 11 12 | 12.5
Fighting       | 5 7 |  7.2
Armour         | 4 5 6 |  6.3
Dodging        | 5 6 |  6.7
Stealth        | 5 6 |  6.7
Summonings     | 3 8 12 | 12.0
Spellcasting   | 5 |  5.6
Long Blades    | 8 |  8.6
Translocations | 2 |  2.6

Action                   |  1- 3 |  4- 6 |  7- 9 | 10-12 | 13-15 | 16-18 || total
-------------------------+-------+-------+-------+-------+-------+-------++-------
Melee: Whip              |    71 |   187 |   310 |   949 |  2751 |  1145 ||  5413
       Demon blade       |       |       |       |       |       |   254 ||   254
 Cast: Magic Dart        |    44 |     9 |    49 |    87 |    26 |       ||   215
       Mephitic Cloud    |     1 |    11 |    25 |    78 |   119 |     7 ||   241
       Conjure Flame     |       |       |    11 |    20 |    35 |     2 ||    68
       Repel Missiles    |       |       |     1 |     4 |     4 |     1 ||    10
       Blink             |       |       |       |     3 |    25 |    11 ||    39
       Shadow Creatures  |       |       |       |       |    98 |   186 ||   284
Invok: Curse Item        |       |     1 |     3 |     1 |     5 |     4 ||    14
Evoke: Wand              |       |       |       |       |     3 |     7 ||    10
  Use: Scroll            |     2 |     5 |    10 |    10 |     6 |    12 ||    45
 Stab: Sleeping          |     2 |     1 |     2 |    11 |    21 |     8 ||    45
       Distracted        |       |     1 |       |       |    14 |    11 ||    26
       Confused          |       |     3 |    10 |    59 |    77 |     3 ||   152
       Paralysed         |       |       |       |       |     4 |       ||     4
Armor: Robe              |    11 |    43 |    66 |    41 |       |       ||   161
       Troll hide        |       |       |       |   112 |       |       ||   112
       Troll leather arm |       |       |       |     1 |   373 |   281 ||   655
Dodge: Dodged            |    42 |   126 |   146 |   318 |   865 |   542 ||  2039
       Deflected         |       |       |     2 |     9 |    25 |     2 ||    38
Block: Buckler           |       |       |       |   103 |   224 |       ||   327
       Shield            |       |       |       |       |   464 |   658 ||  1122
